 Dungeon Crawl Stone Soup version 0.30-a0-394-g3e4acdb0ae (webtiles) character file.

Game seed: 7537487813933859224

169 NinjaNoafa the Ducker (level 5, -2/41 HPs)
             Began as a Merfolk Gladiator on Dec 6, 2022.
             Succumbed to a scorpion's poison
             ... on level 4 of the Dungeon.
             The game lasted 00:03:25 (2757 turns).

NinjaNoafa the Ducker (Merfolk Gladiator)           Turns: 2757, Time: 00:03:26

Health: -2/41      AC: 12    Str: 14    XL:     5   Next: 50%
Magic:  14/14      EV: 14    Int:  8    God:
Gold:   217        SH:  0    Dex: 17    Spells: 4/4 levels left

rFire   . . .      SeeInvis .    x - +1 dagger (protect)
rCold   . . .      Faith    .    (no shield)
rNeg    . . .      Spirit   .    b - +0 leather armour
rPois   .          Reflect  .    c - +0 helmet
rElec   .          Harm     .    (no cloak)
rCorr   .          Rampage  .    s - +0 pair of gloves
Will    .....                    (no boots)
Stlth   +.........               (no amulet)
HPRegen 0.26/turn                t - ring of magical power
MPRegen 0.14/turn                (no ring)

@: brilliant, lethally poisoned (-2 -> -17), under a protective aura
A: (nimble swimmer 2), mertail
a: no special abilities


You were on level 4 of the Dungeon.
You visited 1 branch of the dungeon, and saw 4 of its levels.

You collected 217 gold pieces.

Inventory:

Hand Weapons
 a - a +0 rapier
 x - a +1 dagger of protection (weapon)
Missiles
 d - 3 throwing nets
 e - a javelin (quivered)
 f - 15 stones
 g - 9 poisoned darts
 n - 6 silver javelins
 q - 3 silver boomerangs
Armour
 b - a +0 leather armour (worn)
 c - a +0 helmet (worn)
 s - a +0 pair of gloves (worn)
Jewellery
 t - a ring of magical power (left hand)
Scrolls
 l - a scroll of blinking {unknown}
 m - a scroll of enchant weapon {unknown}
 p - a scroll of acquirement {unknown}
 r - a scroll of enchant armour {unknown}
 v - a scroll of teleportation {unknown}
 w - a scroll of poison {unknown}
 y - a scroll of magic mapping {unknown}
Potions
 h - a potion of attraction {unknown}
 j - 2 potions of heal wounds {unknown}
 k - 2 potions of brilliance
 o - a potion of degeneration {unknown}
 u - a potion of lignification {unknown}


   Skills:
 + Level 3.5 Fighting
 + Level 4.7 Short Blades
 - Level 2.0 Throwing
 + Level 1.5 Armour
 + Level 5.3 Dodging


You had 4 spell levels left.
You didn't know any spells.
Your spell library contained the following spells:

 Spells                   Type           Power      Damage    Failure   Level
 Kiss of Death            Conj/Necr      0%         2d5       47%         1
 Magic Dart               Conj           0%         1d3       47%         1
 Sandblast                Erth           0%         2d4       47%         1
 Slow                     Hex            0%         N/A       47%         1
 Confusing Touch          Hex            0%         N/A       85%         3
 Dispel Undead            Necr           0%         3d6       99%         4


Dungeon Overview and Level Annotations

Branches:
Dungeon (4/15)
 Temple: D:4-7

Altars:


Innate Abilities, Weirdness & Mutations

((You are very nimble when in or above water. (Stealth+, EV+, Speed+++)))
Your lower body shifts to a powerful aquatic tail in water.


Message History

The scorpion poisons you!
You hit the scorpion but do no damage.
The scorpion is almost dead.
You feel very sick. The scorpion closely misses you.
You hit the scorpion but do no damage.
The scorpion is almost dead.
You feel very sick.
The scorpion stings you but does no damage.
You closely miss the scorpion.
The scorpion is almost dead.
You feel sick. The scorpion misses you.
You hit the scorpion but do no damage.
The scorpion is severely wounded.
You feel sick. The scorpion stings you.
You are more poisoned.
The scorpion poisons you!
You hit the scorpion but do no damage.
The scorpion is severely wounded.
You feel very sick.
The scorpion stings you but does no damage.
You hit the scorpion but do no damage.
The scorpion is severely wounded.
* * * LOW HITPOINT WARNING * * *
You feel sick. The scorpion stings you.
* * * LOW HITPOINT WARNING * * *
You are more poisoned.
The scorpion poisons you!
You hit the scorpion but do no damage.
The scorpion is severely wounded.
* * * LOW HITPOINT WARNING * * *
You feel very sick.
It was a potion of brilliance.
You feel clever all of a sudden.
* * * LOW HITPOINT WARNING * * *
You feel very sick.
The scorpion stings you but does no damage.
The scorpion barely misses you.
It was a potion of magic.
Magic courses through your body.
You die...

######.###....
####...##.#.....
......##.#..#.
#....##.#...
#....##.#..#
#@......#..#
......s##........#
....... #........+
.......
#........####.#
.......
#........<....#
.......
#........######
....... #........#
....... #........#
#........#


You could see a scorpion.

Vanquished Creatures
  A phantom (D:4)
  2 adders (D:3)
  A dart slug (D:4)
  2 orcs (D:3)
  4 ball pythons
  6 endoplasms
  2 giant cockroaches
  10 hobgoblins
  9 jackals
  5 quokkas
  12 bats
  A frilled lizard (D:2)
  3 goblins
  5 kobolds
  8 rats
71 creatures vanquished.

Notes
Turn   | Place    | Note
-------+----------+-------------------------------------------
     0 | D:1      | NinjaNoafa the Merfolk Gladiator began the quest for the
                  | Orb.
     0 | D:1      | Reached XP level 1. HP: 16/16 MP: 1/1
   169 | D:1      | Reached XP level 2. HP: 21/23 MP: 2/2
   460 | D:1      | Reached XP level 3. HP: 27/28 MP: 3/3
   919 | D:2      | Got A Beginning Course on the Occult
  1377 | D:2      | Reached skill level 1 in Armour
  1700 | D:3      | Reached XP level 4. HP: 32/35 MP: 4/4
  2282 | D:3      | Reached skill level 5 in Dodging
  2345 | D:3      | Found a faded altar of an unknown god.
  2640 | D:4      | Noticed a phantom
  2672 | D:4      | Killed a phantom
  2673 | D:4      | Reached XP level 5. HP: 28/41 MP: 5/5
  2756 | D:4      | HP: 2/41 [poisoned by a scorpion]
  2757 | D:4      | Succumbed to a scorpion's poison

Illustrated notes

Levels and vault maps discovered:
D:1:      evilmike_arrival_rings, layout_basic, hangedman_decor_riveting
D:2:      layout_loops_cross
D:3:      minmay_skewed_foursquare, layout_loops_ring,
          shapermc_ecumenical_altar_pompeii, minmay_tree_intersection
D:4:      layout_basic, grunt_temple_overflow_gold_and_silver,
          mainiacjoe_overflow_large_starburst

Skill      XL: |  1  2  3  4 |
---------------+-------------+-----
Short Blades   | 4 |  4.7
Armour         | 1 |  1.5
Fighting       | 3 |  3.5
Dodging        | 5 |  5.3
Throwing       | |  2.0

Action                   |  1- 3 |  4- 6 || total
-------------------------+-------+-------++-------
Melee: Rapier            |   159 |    45 ||   204
       Punch             |     1 |       ||     1
       Dagger            |       |    70 ||    70
Throw: Javelin           |     1 |       ||     1
  Use: Potion            |       |     2 ||     2
 Stab: Sleeping          |     2 |     2 ||     4
Armor: Leather armour    |    74 |    29 ||   103
Dodge: Dodged            |   202 |    68 ||   270

Table legend: (Time is in decaauts)
 A = Elapsed time spent in this place.
 B = Non-inter-level travel time spent in this place.
 C = Inter-level travel time spent in this place.
 D = Time resting spent in this place.
 E = Time spent auto-exploring this place.
 F = Levels seen in this place.
 G = Mean time per level.
                   A        B        C        D        E       F      G
               +--------+--------+--------+--------+--------+-----+--------+
         Total |   2737 |   2629 |    108 |      0 |   2022 |   4 |  684.2 |
       Dungeon |   2737 |   2629 |    108 |      0 |   2022 |   4 |  684.2 |
               +--------+--------+--------+--------+--------+-----+--------+

Top non-repeatable levels by time:
     D:3: 1042 daAuts
     D:1: 855 daAuts
     D:2: 730 daAuts
     D:4: 109 daAuts
